AoeStats
← C.C.

Oasis

509246579Analyzed
4v4 RM · 6d ago on Sep 26, 2026· 83m 31s· 8 players
Game mode
Random Map
Map size
Large (8 player)
Population
200
Speed
Normal
Resources
Standard
Victory
Conquest
Starting age
Dark Age
Ending age
Imperial Age
RankedLock teamsTeams togetherTeam positionsShared explorationLock speedFull tech treeHidden civsTurbo modeCheats
Victory
Defeat
🇨🇳 Danes · China
1312
+17
🇬🇷 Maya · Greece
1287
+18
🇨🇳 Persians · China
1273
+18
🇮🇳 Cumans · India
1259
+19
🇦🇺 Georgians · Australia
1468
-24
🇺🇸 Persians · United States
1410
-21
🇺🇸 Portuguese · United States
1273
-16
🇺🇸 Spanish · United States
1154
-11
Madeft
0:26 Loom
11:14 Feudal Age
15:57 Castle Age
13:50 Double-Bit Axe
14:07 Horse Collar
17:21 Wheelbarrow
25:19 Caravan
26:17 Hand Cart
29:40 Imperial Age
28:01 Fletching
28:11 Padded Archer Armor
28:38 Bodkin Arrow
29:53 Leather Archer Armor
29:41 Scale Mail Armor
29:51 Forging
31:07 Conscription
30:49 Bracer
31:23 Ring Archer Armor
31:07 Capped Ram
33:01 Chemistry
32:22 Ballistics
32:44 Gold Mining
32:45 Stone Mining
33:06 Bow Saw
32:58 Heavy Plow
33:10 Onager
34:16 Masonry
34:13 Elite Plumed Archer
37:23 Chain Mail Armor
37:43 Iron Casting
38:20 Siege Ram
39:39 Plate Mail Armor
38:45 Eagle Warrior
38:46 Pikeman
39:27 Squires
39:12 Arson
39:30 Hul'che Javelineers
40:06 Hoardings
40:02 Holcans
40:35 Blast Furnace
50:40 Town Watch
51:30 Architecture
50:42 Treadmill Crane
51:35 Elite Eagle Warrior
51:36 Halberdier
抖音-斩邪留正
5:27 Loom
8:34 Feudal Age
10:18 Double-Bit Axe
10:16 Horse Collar
15:03 Wheelbarrow
20:10 Castle Age
19:26 Forging
19:21 Scale Barding Armor
19:54 Gold Mining
20:27 Bloodlines
20:59 Hand Cart
21:10 Bow Saw
22:51 Heavy Plow
32:32 Imperial Age
29:54 Stone Mining
30:44 Gold Shaft Mining
30:10 Husbandry
31:36 Stone Shaft Mining
31:44 Light Cavalry
33:16 Iron Casting
33:01 Chain Barding Armor
33:10 Ballistics
32:45 Murder Holes
33:01 Masonry
32:54 Heavy Plow
33:25 Fletching
35:05 Blast Furnace
34:02 Bodkin Arrow
35:51 Chemistry
35:17 Conscription
35:54 Architecture
36:06 Crop Rotation
36:10 Guilds
36:31 Coinage
36:06 Caravan
36:58 Hoardings
36:39 Citadels
38:56 Two-Man Saw
38:32 Elite War Elephant
40:29 Plate Barding Armor
44:15 Devotion
53:31 Town Watch
65:27 Spies/Treason
[T41] Indian War Lord
10:29 Feudal Age
11:07 Double-Bit Axe
11:30 Loom
21:00 Castle Age
19:18 Forging
19:12 Horse Collar
20:13 Gold Mining
20:39 Scale Barding Armor
21:36 Bloodlines
22:39 Wheelbarrow
24:06 Caravan
27:30 Hand Cart
32:07 Imperial Age
30:50 Gold Shaft Mining
30:03 Town Watch
30:52 Coinage
31:22 Iron Casting
31:08 Chain Barding Armor
31:36 Town Patrol
34:45 Imperial Age
33:52 Stone Mining
34:49 Cavalier
36:31 Blast Furnace
36:06 Plate Barding Armor
35:45 Guilds
36:06 Banking
35:57 Bow Saw
35:51 Heavy Plow
36:14 Paladin
39:12 Chemistry
38:29 Onager
53:27 Capped Ram
54:27 Siege Ram
62:19 Two-Man Saw
C.C.
10:52 Feudal Age
15:26 Castle Age
17:59 Double-Bit Axe
18:44 Horse Collar
23:46 Wheelbarrow
23:26 Bow Saw
29:52 Imperial Age
27:10 Loom
27:47 Scale Mail Armor
28:37 Hand Cart
28:16 Gold Mining
29:34 Chain Mail Armor
29:40 Stone Mining
30:58 Conscription
30:14 Capped Ram
31:15 Forging
32:40 Plate Mail Armor
32:13 Heavy Plow
34:06 Gold Shaft Mining
33:36 Elite Varangian Guard
34:03 Arson
38:01 Iron Casting
37:25 Onager
37:34 Hamask
40:06 Squires
39:31 Elite Varangian Guard
41:53 Siege Ram
42:35 Caravan
44:34 Blast Furnace
42:57 Elite Jomsviking
44:15 Hoardings
43:38 Town Watch
46:06 Pikeman
46:39 Fletching
47:26 Halberdier
48:31 Siege Onager
53:54 Coinage
58:40 Siege Engineers
60:44 Chemistry
60:32 Northmen's Fury
66:01 Banking
71:02 Masonry
70:47 Murder Holes
71:13 Ballistics
71:56 Bodkin Arrow
75:01 Town Patrol
LuvDaBiebz
4:17 Loom
13:04 Feudal Age
14:41 Double-Bit Axe
17:16 Castle Age
15:24 Horse Collar
18:09 Bow Saw
18:11 Heavy Plow
24:02 Fortified Wall
29:49 Wheelbarrow
29:01 Town Watch
30:59 Gold Mining
31:26 Hand Cart
31:37 Stone Mining
32:02 Town Patrol
36:07 Imperial Age
38:35 Chemistry
36:58 Onager
38:40 Two-Man Saw
40:02 Caravan
41:26 Bombard Tower
41:27 Ballistics
41:18 Masonry
41:21 Scale Barding Armor
41:27 Forging
44:51 Elite Cannon Galleon
48:39 Elite Conquistador
49:40 Conscription
49:57 Iron Casting
49:42 Chain Barding Armor
49:23 Padded Archer Armor
49:13 Fletching
49:56 Architecture
50:02 Hoardings
49:49 Supremacy
50:04 Bloodlines
49:54 Husbandry
49:14 Cavalier
49:15 Light Cavalry
50:39 Hussar
52:20 Blast Furnace
51:56 Plate Barding Armor
51:37 Leather Archer Armor
51:18 Bodkin Arrow
52:49 Paladin
Lobby Link
10:15 Feudal Age
12:16 Double-Bit Axe
14:51 Castle Age
12:41 Loom
12:55 Double-Bit Axe
13:49 Horse Collar
15:57 Loom
16:38 Bow Saw
21:30 Wheelbarrow
22:48 Heavy Plow
23:34 Gold Mining
24:10 Hand Cart
27:18 Gold Mining
30:06 Imperial Age
28:53 Caravan
29:35 Gold Shaft Mining
28:53 Stone Mining
29:39 Gold Shaft Mining
30:31 Stone Shaft Mining
30:47 Coinage
31:31 Conscription
30:42 Elite War Elephant
31:41 Scale Barding Armor
31:46 Forging
32:00 Scale Mail Armor
31:47 Onager
33:58 Citadels
34:56 Chemistry
34:45 Chain Barding Armor
34:42 Chain Mail Armor
35:02 Iron Casting
35:00 Bloodlines
34:50 Husbandry
35:26 Light Cavalry
35:26 Cavalier
37:06 Banking
36:57 Guilds
36:21 Savar
36:39 Heavy Scorpion
38:12 Banking
37:38 Onager
40:34 Plate Barding Armor
41:00 Blast Furnace
40:34 Plate Mail Armor
41:55 Block Printing
42:47 Theocracy
41:39 Pikeman
42:19 Squires
50:43 Herbal Medicine
50:51 Devotion
hexi
10:25 Feudal Age
11:12 Horse Collar
13:11 Loom
14:15 Fletching
17:17 Castle Age
18:29 Fletching
18:39 Double-Bit Axe
21:38 Town Watch
23:13 Fletching
25:20 Bow Saw
26:26 Svan Towers
27:40 Wheelbarrow
28:01 Stone Mining
28:16 Heavy Plow
29:17 Hand Cart
29:00 Guard Tower
29:39 Bodkin Arrow
33:46 Imperial Age
32:00 Caravan
32:28 Masonry
33:22 Murder Holes
34:34 Bracer
36:00 Keep
35:11 Arrowslits
36:35 Chemistry
37:24 Guilds
37:51 Coinage
37:55 Crop Rotation
37:36 Town Patrol
37:45 Siege Engineers
37:23 Treadmill Crane
38:20 Gold Mining
39:05 Stone Shaft Mining
40:42 Hoardings
40:28 Conscription
39:39 Sappers
39:58 Onager
41:30 Forging
41:27 Scale Barding Armor
42:00 Architecture
43:02 Iron Casting
43:29 Banking
43:40 Fortified Wall
43:51 Ballistics
46:52 Siege Engineers
46:57 Clinker Construction
46:58 Careening
48:23 Fishing Lines
49:01 Gillnets
48:35 Demolition Ship
49:48 Siege Onager
53:00 Gillnets
GamelabStudio.co
0:50 Loom
13:03 Feudal Age
19:55 Castle Age
18:37 Double-Bit Axe
26:27 Horse Collar
30:23 Imperial Age
29:28 Bow Saw
29:36 Fortified Wall
31:11 Wheelbarrow
32:32 Chemistry
32:05 Gold Mining
33:20 Two-Man Saw
32:46 Treadmill Crane
36:36 Murder Holes
40:16 Siege Engineers
40:37 Bombard Tower
41:59 Fletching
42:23 Scale Mail Armor
42:34 Forging
42:57 Arquebus
42:59 Circumnavigation
43:20 Conscription
44:02 Masonry
44:13 Ballistics
47:10 Hand Cart
46:40 Town Watch
50:28 Town Patrol
50:13 Pikeman
50:40 Halberdier
51:46 Caravan
52:03 Bodkin Arrow
52:25 Chain Mail Armor
52:46 Iron Casting
53:24 Guilds
53:54 Stone Mining
56:48 Bracer
57:19 Plate Mail Armor
57:50 Blast Furnace
57:32 Elite Cannon Galleon
Connection lost

Rejoining the realm…

Still unreachable

The connection could not be restored.

Session expired

The server has moved on; the page needs a fresh start.